 Dungeon Crawl Stone Soup version 0.31.0-32-g396128a36d (webtiles) character file.

Game seed: 3434991260083592524

1066 spaghetti the Trooper (level 8, -1/127 HPs)
             Began as a Naga Chaos Knight on Apr 9, 2024.
             Was a Plaything of Xom.
             Slain by a gnoll sergeant
             ... wielding a +2 trident of flaming
              (5 damage)
             ... on level 6 of the Dungeon.
             The game lasted 00:05:41 (5307 turns).

spaghetti the Trooper (Naga Chaos Knight)           Turns: 5307, Time: 00:05:41

Health: -1/127     AC: 24    Str: 15    XL:     8   Next: 28%
Magic:  8/8        EV:  1    Int: 13    God:    Xom [.*....]
Gold:   191        SH:  0    Dex: 12    Spells: 7/7 levels left

rFire   . . .        n - +6 dagger (venom)
rCold   + . .        (no shield)
rNeg    . . .        a - melded +2 leather armour
rPois   +            q - melded +0 helmet {SInv}
rElec   .            (cloak currently unavailable)
rCorr   .            (gloves currently unavailable)
SInv    +            (no barding)
Will    +....        (no amulet)
Stlth   +            g - ring of protection from cold
HPRegen 0.41/turn    (no ring)
MPRegen 0.11/turn

%: no passive effects
@: tree-form
A: stationary, stasis, torment immunity, boosted hp, AC +2, large, see
invisible, (deformed body), (poison resistance), (slowness 2), spit poison 1,
(naga tail 1), (stinger 1), robust 1
a: Spit Poison, Renounce Religion


You were on level 6 of the Dungeon.
You worshipped Xom.
You were a plaything of Xom.
You were a tree.
You visited 1 branch of the dungeon, and saw 6 of its levels.

You collected 350 gold pieces.
You spent 159 gold pieces at shops.

Inventory:

Hand Weapons
 n - a +6 dagger of venom (weapon)
Missiles
 k - 10 poisoned darts
 l - 2 curare-tipped darts
 m - 3 throwing nets
Armour
 a - a +2 leather armour (melded)
 q - a +0 helmet of see invisible (melded)
Jewellery
 g - a ring of protection from cold (left branch)
Scrolls
 b - a scroll of butterflies
 c - a scroll of blinking
 d - a scroll of immolation
 e - 4 scrolls of identify
 f - 3 scrolls of teleportation
 i - a scroll of enchant armour
 p - 2 scrolls of poison
Potions
 j - 2 potions of curing
 o - a potion of might


   Skills:
 + Level 6.5 Fighting
 - Level 1.5 Armour
 + Level 5.2 Dodging
 - Level 4.8 Unarmed Combat


You had 7 spell levels left.
You didn't know any spells.
Your spell library contained the following spells:

 Spells                   Type           Power      Damage    Failure   Level
 Kiss of Death            Conj/Necr      0%         2d5       30%         1
 Confusing Touch          Hex            0%         N/A       67%         3
 Dispel Undead            Necr           0%         3d6       97%         4


Dungeon Overview and Level Annotations

Branches:
Dungeon (6/15)             Temple (0/1) D:5

Altars:
Dithmenos
Hepliaklqana
The Shining One

Shops:
D:2 :?


Innate Abilities, Weirdness & Mutations

You are a tree.
Your roots penetrate the ground, keeping you stationary.
You cannot be teleported.
You are immune to unholy pain and torment.
Your maximum health is greatly increased.
Your equipment is partially melded.
((Your serpentine skin is tough. (AC +2)))
You have supernaturally acute eyesight. (SInv)
((Armour fits poorly on your strangely shaped body.))
((Your system is resistant to poisons. (rPois)))
((You cover ground very slowly.))
You can spit poison.
((You have a snake-like lower body.))
((Your tail ends in a venomous barb.))
You are robust. (+10% HP)


Message History

The gnoll hits you but does no damage.
The gnoll sergeant hits you from afar with a +2 trident of flaming.
* * * LOW HITPOINT WARNING * * *
The gnoll sergeant burns you.
* * * LOW HITPOINT WARNING * * *
You hit the gnoll.
The gnoll is severely wounded.
The gnoll hits you but does no damage.
The gnoll sergeant hits you but does no damage.
You hit the gnoll.
The gnoll looks as sick as possible!
The gnoll is almost dead.
You kill the gnoll!
The gnoll sergeant hits you from afar with a +2 trident of flaming!
* * * LOW HITPOINT WARNING * * *
The gnoll sergeant burns you.
* * * LOW HITPOINT WARNING * * *
You hit the gnoll.
The gnoll is poisoned.
The gnoll is moderately wounded.
The gnoll hits you but does no damage.
The gnoll sergeant hits you but does no damage.
You hit the gnoll.
The gnoll looks as sick as possible!
The gnoll is severely wounded.
You kill the gnoll!
The gnoll sergeant hits you from afar with a +2 trident of flaming.
* * * LOW HITPOINT WARNING * * *
The gnoll sergeant burns you.
* * * LOW HITPOINT WARNING * * *
You don't have any such object.
Fire/throw/use which item? ([*] to toss any item) (? for menu, Esc to quit)
Throw: 3 darts (curare)
Press: ? - help, Shift-Dir - straight line, f - gnoll sergeant
Aim: a gnoll sergeant, wielding a +2 trident of flaming and wearing a +0 scale mail (65% to hit)
You throw a curare-tipped dart.
The curare-tipped dart hits the gnoll sergeant.
The gnoll sergeant is poisoned.
The gnoll sergeant struggles to breathe.
The gnoll sergeant seems to slow down.
The gnoll sergeant is moderately wounded.
The gnoll sergeant hits you from afar with a +2 trident of flaming.
You die...

#....##.##........#
##.#.......##.#####
##....#.#.###.# #
####.##.......# .#
.....####.##### #.#
.##### #.# ####
###... .# ... #..g
...#.# . .#
.##..)###...#.# ..
.# # #♣.#...#.#..
.# #.).###..(# .#
#.....#...# . .#
#...###...###...#
.. ##.#..?#.......#
.# #.#...###...###
. #... #.#..#
....### .# ..# ...
#.# ..


You could see a gnoll sergeant (very poisoned, slow).

Vanquished Creatures
  A water moccasin (D:4)
  An ice beast (D:4)
  A sky beast (D:6)
  3 centaurs
  A kobold brigand (D:6)
  A scorpion (D:5)
  A bombardier beetle (D:4)
  A hound (D:5)
  A gnoll bouda (D:5)
  2 orc priests
  An iguana (D:4)
  7 adders
  8 gnolls
  2 ufetubi (D:5)
  2 dart slugs
  A ribbon worm (D:2)
  10 orcs
  A ball python (D:4)
  4 endoplasms
  2 giant cockroaches (D:4)
  5 goblins
  6 hobgoblins
  2 jackals (D:5)
  7 quokkas
  5 frilled lizards
  7 kobolds
  3 rats
86 creatures vanquished.

Vanquished Creatures (collateral kills)
  3 kobolds (D:3)
  A frilled lizard (D:3)
  A rat (D:3)
5 creatures vanquished.

Grand Total: 91 creatures vanquished

Notes
Turn   | Place    | Note
-------+----------+-------------------------------------------
     0 | D:1      | spaghetti the Naga Chaos Knight began the quest for the
                  | Orb.
     0 | D:1      | Reached XP level 1. HP: 21/21 MP: 1/1
   419 | D:1      | XOM: silly message
   536 | D:1      | Found a faded altar of an unknown god.
   929 | D:2      | XOM: divination: detect creatures
   978 | D:2      | XOM: summons 1 hostile demon
   979 | D:2      | Noticed a crimson imp
   986 | D:2      | Gained mutation: You are somewhat resistant to further
                  | mutation. [potion of mutation]
  1221 | D:2      | Found Mifoel's Magic Scroll Shop.
  1229 | D:2      | Bought 2 scrolls of identify for 44 gold pieces
  1229 | D:2      | Bought a scroll of teleportation for 33 gold pieces
  1298 | D:2      | Reached XP level 2. HP: 23/28 MP: 2/2
  1457 | D:2      | Found Diadoloa's Vocational Training.
  1463 | D:2      | Reached XP level 3. HP: 31/34 MP: 3/3
  1534 | D:2      | Reached skill level 1 in Dodging
  1634 | D:2      | XOM: 1-stop teleportation journey
  1904 | D:2      | Lost mutation: You are somewhat resistant to further
                  | mutation. [potion of mutation]
  1904 | D:2      | Gained mutation: You are robust. (+10% HP) [potion of
                  | mutation]
  1904 | D:2      | Gained mutation: Your tail ends in a venomous barb. [potion
                  | of mutation]
  1958 | D:2      | XOM is BORED!
  2349 | D:3      | Reached XP level 4. HP: 27/46 MP: 4/4
  2407 | D:3      | XOM: divination: detect creatures
  2625 | D:3      | XOM: polymorph giant cockroach -> frilled lizard
  2837 | D:3      | XOM: silly message
  2860 | D:3      | XOM: enchant monster (good)
  2952 | D:2      | Bought a scroll of enchant weapon for 82 gold pieces
  3039 | D:4      | XOM: silly message
  3042 | D:4      | Reached XP level 5. HP: 48/53 MP: 5/5
  3073 | D:4      | Noticed an ice beast
  3074 | D:4      | Found a shadowy altar of Dithmenos.
  3081 | D:4      | Killed an ice beast
  3150 | D:4      | Noticed a water moccasin
  3161 | D:4      | Killed a water moccasin
  3162 | D:4      | Reached skill level 4 in Fighting
  3162 | D:4      | Reached XP level 6. HP: 25/62 MP: 6/6
  3196 | D:4      | XOM: 3-stop teleportation journey
  4104 | D:5      | Entered Level 5 of the Dungeon
  4141 | D:5      | Found a staircase to the Ecumenical Temple.
  4141 | D:5      | Found a glowing golden altar of the Shining One.
  4141 | D:5      | XOM: 9-stop teleportation journey
  4180 | D:5      | XOM: 2-stop teleportation journey
  4188 | D:5      | Reached XP level 7. HP: 63/72 MP: 7/7
  4224 | D:5      | XOM: noise
  4229 | D:5      | XOM: fog
  4254 | D:5      | Reached skill level 5 in Fighting
  4613 | D:5      | XOM: polymorph jackal -> orc
  4759 | D:5      | Found a hazy altar of Hepliaklqana.
  4989 | D:6      | XOM: noise
  4995 | D:6      | Reached skill level 6 in Fighting
  4995 | D:6      | Reached XP level 8. HP: 59/83 MP: 8/8
  5071 | D:6      | XOM: blink monster(s)
  5081 | D:6      | Reached skill level 5 in Dodging
  5244 | D:6      | XOM: 2-stop teleportation journey
  5270 | D:6      | XOM: 1-stop teleportation journey
  5306 | D:6      | HP: 4/127 [gnoll sergeant/+2 trident of flaming (3)]
  5307 | D:6      | Slain by a gnoll sergeant

Illustrated notes

Levels and vault maps discovered:
D:1:      matt_arrival_los_fun, layout_basic, chequers_ecumenical_altar_island
D:2:      layout_basic, serial_shops, nicolae_shop_tiny_statue_garden,
          nicolae_shop_vocational
D:3:      layout_loops_ring, lexackson_kobold_supper
D:4:      layout_loops_cross, mainiacjoe_overflow_chevrons,
          kennysheep_generic_room_6
D:5:      layout_loops_ring, nicolae_hepliaklqana_hippocampus,
          mainiacjoe_overflow_cross_hatched, minmay_temple_entry_large_hall,
          minivault_1
D:6:      layout_loops_cross, nicolae_titane

Skill      XL: |  1  2  3  4  5  6  7  8 |
---------------+-------------------------+-----
Unarmed Combat | 4 |  4.8
Dodging        | 1 2 3 4 5 |  5.2
Fighting       | 4 6 |  6.5
Armour         | |  1.5

Action                     |  1- 3 |  4- 6 |  7- 9 || total
---------------------------+-------+-------+-------++-------
  Melee: Unarmed           |   145 |    28 |       ||   173
         Punch             |     3 |     3 |     4 ||    10
         Dagger            |       |    74 |   102 ||   176
  Throw: Dart              |       |       |     2 ||     2
Ability: Spit Poison       |     2 |       |       ||     2
    Use: Scroll            |     7 |     7 |       ||    14
         Potion            |     2 |     2 |     1 ||     5
   Stab: Sleeping          |     1 |       |       ||     1
         Distracted        |       |     1 |       ||     1
 Armour: Leather armour    |    92 |    68 |   121 ||   281
         Skin              |       |       |    11 ||    11
  Dodge: Dodged            |    56 |    44 |    90 ||   190
